Map: [TLMC15] Berlingrad

Players

Serral - Winner!

  • Race: Zerg Zerg
  • League: Master

TLHarstem (Harstem)

  • Race: Protoss Protoss
  • League: Master

VOD

Have the link to the VOD?

Description

Time

  • Played on: Oct. 21, 2021, 7:06 a.m.
  • Length: 2:37
Show
View Real Time Build Order
Export as new Build Order

Serral Zerg - Winner!

Build Orders: Pool First 

Get SALT Encoding   

  12  0:17  Spawning Pool  
  11  0:21  Drone  
  11  0:28  Drone  
  13  0:31  Drone  
  14  0:39  Overlord  
  14  1:03  Zergling x4  
  16  1:05  Zergling x2  
  17  1:18  Hatchery  
  17  1:20  Zergling x2  
  17  1:26  Zergling x2  
  18  1:37  Zergling x2  
  19  1:53  Hatchery  
  18  1:57  Drone  
  19  2:04  Drone  
  22  2:19  Drone  
  22  2:22  Drone  
Show
View Real Time Build Order
Export as new Build Order

TLHarstem Protoss 

Build Orders:  

Get SALT Encoding   

  12  0:00  Probe  
  13  0:12  Probe  
  14  0:20  Pylon  
  14  0:25  Probe  
  15  0:38  Probe (Chrono Boost)  
  15  0:40  Gateway  
  16  0:49  Probe (Chrono Boost)  
  17  0:52  Assimilator  
  17  0:54  Probe (Chrono Boost)  
  18  1:04  Probe  
  19  1:25  Pylon  
  19  1:26  Zealot (Chrono Boost)  
  19  1:27  Cybernetics Core  
  19  1:32  Pylon  
  21  1:34  Probe  
  22  1:45  Zealot (Chrono Boost)  
  22  1:46  Probe  
  25  2:03  Probe  
  25  2:04  Shield Battery  
  26  2:10  Adept (Chrono Boost)  
  28  2:19  Probe  
  26  2:24  Gateway  
Tags
 
Add a new tag
Caveats
  • Supply blocks, unpowered buildings, or Contaminate may cause inaccurate times.
  • Supply counts are checked every 10 seconds.